AoeStats
← Danigunner

Arabia

516007331Analyzed
2v2 RM · 22d ago on Oct 24, 2026· 33m 57s· 4 players
Game mode
Random Map
Map size
Medium (4 player)
Population
200
Speed
Normal
Resources
Standard
Victory
Conquest
Starting age
Dark Age
Ending age
Imperial Age
RankedLock teamsTeams togetherTeam positionsShared explorationLock speedFull tech treeHidden civsTurbo modeCheats
Victory
Defeat
🇨🇳 Bohemians · China
878
+15
🇦🇹 Inca · Austria
787
+19
vs
🇩🇪 Huns · Germany
869
-18
🇲🇽 Mongols · Mexico
836
-16
Danigunner
0:36 Loom
11:31 Feudal Age
16:46 Castle Age
15:30 Fletching
15:37 Double-Bit Axe
16:01 Gold Mining
16:22 Horse Collar
17:17 Fletching
19:28 Husbandry
24:09 Wheelbarrow
24:38 Bodkin Arrow
24:52 Town Watch
27:32 Padded Archer Armor
29:34 Bloodlines
29:47 Heavy Plow
29:59 Bow Saw
DunklerHenker
8:17 Loom
10:28 Feudal Age
12:31 Bloodlines
21:16 Castle Age
20:46 Double-Bit Axe
20:44 Horse Collar
21:38 Scale Barding Armor
21:45 Forging
22:38 Husbandry
25:33 Bow Saw
Slowpoke
12:28 Feudal Age
12:58 Double-Bit Axe
17:35 Castle Age
16:28 Stone Mining
17:53 Wheelbarrow
24:52 Arson
31:34 Horse Collar
32:20 Squires
CrazyGold
11:53 Loom
13:40 Feudal Age
23:07 Castle Age
22:12 Double-Bit Axe
22:25 Horse Collar
23:17 Elite Skirmisher
24:15 Padded Archer Armor
24:27 Scale Barding Armor
26:10 Husbandry
26:11 Fletching
26:24 Padded Archer Armor
30:13 Leather Archer Armor
29:49 Fletching
34:18 Scale Mail Armor
Connection lost

Rejoining the realm…

Still unreachable

The connection could not be restored.

Session expired

The server has moved on; the page needs a fresh start.